 Dungeon Crawl Stone Soup version 0.30.1-9-gdf580d7c3d (webtiles) character file.

Game seed: 6972364788861787503

8626 booth the Grappler (level 11, -3/105 HPs)
             Began as a Troll Gladiator on Oct 20, 2023.
             Was an Elder of Okawaru.
             Killed from afar by an efreet (18 damage)
             ... with a fireball
             ... on level 10 of the Dungeon.
             The game lasted 01:10:26 (9727 turns).

booth the Grappler (Troll Gladiator)                Turns: 9727, Time: 01:10:27

Health: -3/105     AC:  6    Str: 20    XL:     11   Next: 12%
Magic:  13/14      EV: 14    Int:  6    God:    Okawaru [****..]
Gold:   699        SH:  0    Dex: 13    Spells: 10/10 levels left

rFire   . .          .
                       - Unarmed
rCold   + . .        (no shield)
rNeg    . . .        D - +1 robe of Hedge Wizardry {rC+ Will+ rCorr Str-4}
rPois   +            b - +1 hat
rElec   .            (no cloak)
rCorr   +            (gloves unavailable)
SInv    .            (boots unavailable)
Will    +....        l - amulet of regeneration
Stlth   +++          e - ring of poison resistance
HPRegen 1.97/turn    (no ring)
MPRegen 0.14/turn

%: no passive effects
@: heroic
A: large, unfitting armour, claws 3, regeneration 1, shaggy fur 1, tough skin 1
a: Renounce Religion, Heroism, Finesse


You were on level 10 of the Dungeon.
You worshipped Okawaru.
Okawaru was greatly pleased with you.
You visited 1 branch of the dungeon, and saw 10 of its levels.

You collected 699 gold pieces.

Inventory:

Hand Weapons
 g - a +2 mace of draining
 v - a +1 giant spiked club of protection
Missiles
 c - 2 throwing nets
 z - 2 curare-tipped darts
 B - 32 poisoned darts (quivered)
 F - 2 large rocks
Armour
 a - a +0 robe
 b - a +1 hat (worn)
 D - the +1 robe of Hedge Wizardry (worn) {rC+ Will+ rCorr Str-4}
   (You found it on level 8 of the Dungeon)

   Str:       It affects your strength (-4).
   rC:        It protects you from cold.
   rCorr:     It protects you from acid and corrosion.
   Will:      It increases your willpower.
 G - +0 steam dragon scales
Jewellery
 e - a ring of poison resistance (left claw)
 i - an amulet of guardian spirit
 l - an amulet of regeneration (around neck)
Wands
 d - a wand of roots (1)
 o - a wand of quicksilver (19)
 p - a wand of digging (6)
 H - a wand of polymorph (6)
Scrolls
 r - a scroll of magic mapping
 w - 2 scrolls of amnesia
 K - a scroll of vulnerability
Potions
 f - 2 potions of mutation
 h - 2 potions of resistance
 j - a potion of might
 k - 5 potions of magic
 m - a potion of curing
 n - 2 potions of invisibility
 q - 3 potions of berserk rage
 u - a potion of brilliance
 x - 2 potions of haste
 A - 2 potions of cancellation
 C - 2 potions of flight


   Skills:
 + Level 6.0(11.0) Fighting
 + Level 3.9(8.9) Maces & Flails
 + Level 6.5(11.5) Throwing
 + Level 6.3(11.3) Dodging
 * Level 10.2(15.2) Unarmed Combat
 + Level 5.8 Invocations


You had 10 spell levels left.
You didn't know any spells.
Your spell library contained the following spells:

 Spells                   Type           Power      Damage    Failure   Level
 Necrotise                Necr           0%         1d4       45%         1
 Ensorcelled Hibernation  Hex/Ice        0%         N/A       58%         2
 Sublimation of Blood     Necr           0%         N/A       58%         2
 Wereblood                Tmut           0%         N/A       58%         2
 Ozocubu's Armour         Ice            0%         N/A       83%         3
 Spider Form              Tmut/Pois      0%         N/A       83%         3
 Vampiric Draining        Necr           0%         2d6       83%         3
 Vhi's Electric Charge    Tloc/Air       0%         N/A       83%         3
 Anguish                  Hex/Necr       0%         N/A       99%         4
 Passage of Golubria      Tloc           0%         N/A       99%         4
 Petrify                  Tmut/Erth      0%         N/A       99%         4
 Agony                    Necr           0%         N/A       100%        5
 Arcjolt                  Conj/Air       0%         1d10      100%        5
 Metabolic Englaciation   Hex/Ice        0%         N/A       100%        5
 Yara's Violent Unravell  Hex/Tmut       0%         3d3       100%        5
 Plasma Beam              Fire/Air       0%         2x1d11    100%        6
 Statue Form              Tmut/Erth      0%         N/A       100%        6
 Maxwell's Capacitive Co  Air            0%         ∞         100%        8
 Tukima's Dance           Hex            Unusable   N/A       N/A         3
 Simulacrum               Ice/Necr       Unusable   N/A       N/A         6
 Summon Hydra             Summ           Unusable   N/A       N/A         7

Dungeon Overview and Level Annotations

Branches:
Dungeon (10/15)            Temple (0/1) D:7             Orc (0/2) D:9
   Lair: D:8-11

Altars:
Ashenzari
Elyvilon
Fedhas
Kikubaaqudgha
Makhleb
Okawaru
Qazlal
Ru
Uskayaw
The Shining One

Shops:
D:1 =   D:5 [


Innate Abilities, Weirdness & Mutations

You are too large for most types of armour.
You have claws for hands.
Your natural rate of healing is unusually fast.
You are covered in fur. (AC +1)
You have tough skin. (AC +1)


Message History

The bolt of fire hits you!
You gain the combat prowess of a mighty hero.
You can no longer enter into single combat with a foe.
Okawaru will no longer gift you equipment.
An efreet comes into view.
It is wielding a +1 scimitar of flaming.
The efreet gestures at you. The bolt of fire hits you!!
You hear a deafening roar!
You hear a roar!
You hear a shout!
You scratch the efreet.
The efreet is lightly wounded.
You scratch the efreet but do no damage.
The efreet is lightly wounded.
The efreet gestures at you.
The fireball explodes!
The fireball engulfs you!
The fireball engulfs the efreet.
The efreet completely resists.
You hear a roar!
You hear a horrible gurgling sound!
You mangle the efreet!!
The efreet is severely wounded.
The efreet gestures at you. The bolt of fire hits you!!
You claw the efreet!
The efreet is almost dead.
The efreet misses you.
You scratch the efreet but do no damage.
The efreet is almost dead.
You scratch the efreet but do no damage.
The efreet hits you with a +1 scimitar of flaming!
The efreet burns you.
The efreet hits you with a +3 scimitar of flaming!
* * * LOW HITPOINT WARNING * * *
The efreet burns you.
* * * LOW HITPOINT WARNING * * *
Okay, then.
As you read the scroll labelled QAEH XAMODDAS, it crumbles to dust.
Wisps of shadow whirl around you...
The shadows disperse without effect.
It was a scroll of summoning.
The efreet gestures at you.
The fireball explodes!
The fireball engulfs you!!
You die...

.# #.......##.....#.....
.#
#..#####..#...........
.# #. ##.#.....#..#.. .#
# #.#.....###### ...
#.........## .#.#
#.#...#....# .#.# #
##.#...#....# .# #
#..#####..#........##
#..R@..(##.....##..##
####R#####.....#.###.
#.....##........##.
##..)#..#.##........
###...###.#..#........
###......#.)#..##......#
#......................#
#.#..#......#.........##
# #.###...###........##


You could see 2 efreet.

Vanquished Creatures
  Nergalle (D:10)
  A swamp dragon (D:10)
  A mana viper (shapeshifter) (D:10)
  A manticore (D:10)
  2 kobold demonologists (D:10)
  A troll (D:9)
  A hornet (D:10)
  A slime creature (D:10)
  A shadow (D:10)
  A yak (D:10)
  A wyvern (D:10)
  2 steam dragons (D:8)
  Menkaure (D:7)
  2 vampire mosquitoes (D:10)
  3 water moccasins
  A sky beast (D:6)
  4 black bears
  3 ice beasts
  6 orc warriors
  2 ogres
  5 centaurs
  2 phantoms
  7 kobold brigands
  3 scorpions
  6 wights
  3 killer bees (D:9)
  2 howler monkeys (D:8)
  3 jellies
  8 orc priests
  2 gnoll boudas
  A sleepcap (D:7)
  2 iguanas
  Ijyb (D:4)
  Natasha (thrice) (D:4)
  11 orc wizards
  Robin (D:4)
  15 gnolls
  8 adders
  2 white imps
  2 worms (D:4)
  6 dart slugs
  35 orcs
  6 ball pythons
  6 bats
  7 endoplasms
  4 giant cockroaches
  17 goblins
  5 hobgoblins
  5 jackals (D:2)
  3 quokkas
  3 frilled lizards
  22 kobolds
  9 rats
251 creatures vanquished.

Vanquished Creatures (others)
  An orc (D:8)
1 creature vanquished.

Grand Total: 252 creatures vanquished

Notes
Turn   | Place    | Note
-------+----------+-------------------------------------------
     0 | D:1      | booth the Troll Gladiator began the quest for the Orb.
     0 | D:1      | Reached XP level 1. HP: 19/19 MP: 0/0
   251 | D:1      | Reached XP level 2. HP: 28/28 MP: 1/1
   480 | D:1      | Found Jecekk's Jewellery Shoppe.
   680 | D:1      | Reached XP level 3. HP: 35/35 MP: 2/2
  1424 | D:2      | Reached XP level 4. HP: 42/42 MP: 3/3
  1834 | D:3      | Found a faded altar of an unknown god.
  1849 | D:3      | Prayed at the altar of an unknown god.
  1849 | D:3      | Became a worshipper of Warmaster Okawaru
  1849 | D:3      | Reached * piety under Okawaru
  2135 | D:3      | Found a burning altar of Makhleb.
  2309 | D:3      | Reached skill level 4 in Unarmed Combat
  2309 | D:3      | Reached XP level 5. HP: 50/50 MP: 2/4
  2566 | D:4      | Noticed Natasha
  2581 | D:4      | Killed Natasha
  2606 | D:4      | Found an iron altar of Okawaru.
  2744 | D:4      | Reached skill level 1 in Invocations
  2809 | D:4      | Noticed Robin
  2816 | D:4      | Killed Robin
  2824 | D:4      | Reached XP level 6. HP: 51/59 MP: 3/5
  2961 | D:4      | Noticed Natasha
  2968 | D:4      | Killed Natasha
  2977 | D:4      | Found a broken altar of Ashenzari.
  3077 | D:4      | Found a glowing golden altar of the Shining One.
  3077 | D:4      | Found a stormy altar of Qazlal.
  3098 | D:4      | Noticed Natasha
  3110 | D:4      | Killed Natasha
  3141 | D:4      | Reached ** piety under Okawaru
  3426 | D:4      | Noticed Ijyb
  3439 | D:4      | HP: 1/61 [constriction (4)]
  3454 | D:4      | Killed Ijyb
  3809 | D:5      | Entered Level 5 of the Dungeon
  3832 | D:5      | Reached skill level 5 in Unarmed Combat
  3873 | D:5      | Noticed a water moccasin
  3877 | D:5      | Killed a water moccasin
  3878 | D:5      | Reached XP level 7. HP: 67/67 MP: 7/7
  4177 | D:5      | Found a sacrificial altar of Ru.
  4428 | D:5      | Found Bovipsuv's Armour Boutique.
  4439 | D:5      | Reached *** piety under Okawaru
  4440 | D:5      | Reached skill level 6 in Unarmed Combat
  4465 | D:5      | Reached XP level 8. HP: 78/78 MP: 7/9
  5284 | D:6      | Reached skill level 7 in Unarmed Combat
  5670 | D:7      | Found a staircase to the Ecumenical Temple.
  5825 | D:7      | Reached **** piety under Okawaru
  5952 | D:7      | Reached XP level 9. HP: 85/85 MP: 10/10
  6117 | D:7      | Noticed Menkaure
  6479 | D:7      | Killed Menkaure
  6480 | D:7      | Reached skill level 5 in Throwing
  6480 | D:7      | Reached skill level 5 in Dodging
  6540 | D:7      | Reached skill level 8 in Unarmed Combat
  6570 | D:7      | Found a blossoming altar of Fedhas.
  6865 | D:8      | Found an ancient bone altar of Kikubaaqudgha.
  6964 | D:8      | Identified the +1 robe of Hedge Wizardry {rC+ Will+ rCorr
                  | Str-4}
  7062 | D:8      | Found a hide-covered altar of Uskayaw.
  7107 | D:8      | Reached skill level 1 in Maces & Flails
  7208 | D:8      | Found a white marble altar of Elyvilon.
  7277 | D:8      | Reached skill level 5 in Fighting
  7320 | D:8      | Reached ***** piety under Okawaru
  7641 | D:7      | Noticed a rust devil
  7641 | D:7      | Noticed a rust devil
  7868 | D:9      | Found a staircase to the Orcish Mines.
  7927 | D:9      | Reached XP level 10. HP: 81/94 MP: 8/12
  7930 | D:9      | Received a gift from Okawaru
  8101 | D:8      | HP: 3/85 [killer bee (7)]
  8343 | D:9      | Reached skill level 9 in Unarmed Combat
  8565 | D:9      | Reached skill level 5 in Invocations
  8766 | D:9      | Identified the +3 falchion "Velo" {flame, rC- Int+4 Dex+3}
  8833 | D:10     | Entered Level 10 of the Dungeon
  9032 | D:10     | Noticed Nergalle
  9061 | D:10     | Killed Nergalle
  9063 | D:10     | Noticed a manticore
  9114 | D:10     | Killed a manticore
  9153 | D:10     | Reached skill level 10 in Unarmed Combat
  9264 | D:10     | a culicivora changed into a mana viper
  9264 | D:10     | Noticed a mana viper (shapeshifter)
  9288 | D:10     | Killed a mana viper
  9477 | D:10     | Reached XP level 11. HP: 100/105 MP: 12/14
  9581 | D:10     | Noticed a swamp dragon
  9599 | D:10     | Killed a swamp dragon
  9727 | D:10     | Killed from afar by an efreet

Illustrated notes

Levels and vault maps discovered:
D:1:      sevenhm_arrival_forest_fort_small_6, layout_basic, serial_shops,
          nicolae_shop_just_a_little_nook, serial_bayou_pond_c
D:2:      layout_rooms, minivault_26
D:3:      layout_basic, mainiacjoe_overflow_brackets,
          hellmonk_ecumenical_altar_blasted, nicolae_grassy_gnolls
D:4:      layout_loops_ring, nicolae_ashenzari_panopticon,
          mainiacjoe_overflow_chevrons, nicolae_overflow_two_pavilions,
          uniq_ijyb, uniq_natasha, uniq_robin
D:5:      layout_gridville, mainiacjoe_overflow_surrounded_room, serial_shops,
          nicolae_shop_trees
D:6:      layout_layer_cave
D:7:      cheibrodos_iron_armory, layout_loops_corners, marbit_many_paths,
          minmay_temple_entry_drinking_statues, minmay_misc_feat_secret_circle,
          corexii_item_surrounded_by_moat, uniq_menkaure
D:8:      layout_rooms, mainiacjoe_overflow_six_doors_small,
          eat_drink_and_be_merry_uskayaw, lemuel_coloured_pillars_altar,
          serial_corexii_hall, corexii_hall_statues_deadend,
          chequers_hall_statues_y
D:9:      layout_cross, orc_0_dummy
D:10:     minmay_the_grid_3x2 [minmay_the_grid_minigrid_small,
          minmay_the_grid_box_x, minmay_the_grid_paths,
          minmay_the_grid_dragon_b, minmay_the_grid_eight,
          minmay_the_grid_prize_inner_circle], layout_cave_pools, uniq_nergalle

Skill      XL: |  1  2  3  4  5  6  7  8  9 10 11 |
---------------+----------------------------------+-----
Throwing       | 2 3 4 5 6 |  6.5
Fighting       | 2 3 4 5 6 |  6.0
Dodging        | 3 4 5 6 |  6.3
Unarmed Combat | 4 5 6 7 8 10 | 10.2
Invocations    | 1 2 3 4 5 |  5.8
Maces & Flails | 2 3 |  3.9

Action                     |  1- 3 |  4- 6 |  7- 9 | 10-12 || total
---------------------------+-------+-------+-------+-------++-------
  Melee: Unarmed           |    81 |   197 |   281 |   171 ||   730
         Punch             |     2 |     7 |    20 |     7 ||    36
  Throw: Dart              |     2 |     8 |     9 |    33 ||    52
         Throwing net      |       |     2 |     1 |     1 ||     4
         Large rock        |       |     3 |    23 |     8 ||    34
         Boomerang         |       |       |    14 |    10 ||    24
 Invoke: Heroism           |       |       |     1 |     3 ||     4
    Use: Scroll            |     3 |     5 |    15 |    11 ||    34
         Potion            |       |     7 |     4 |     4 ||    15
 Armour: Robe              |    26 |    46 |    50 |    49 ||   171
  Dodge: Dodged            |    38 |    84 |   141 |   125 ||   388
